 Dungeon Crawl Stone Soup version 0.17.0-24-gcfadda4 (console) character file.

133 gw the Shooter (level 4, 0/37 HPs)
             Began as a Centaur Hunter on Nov 15, 2015.
             Was a Follower of Nemelex Xobeh.
             Slain by Grinder (5 damage)
             ... on level 4 of the Dungeon.
             The game lasted 00:03:57 (3827 turns).

gw the Shooter (Centaur Hunter)                     Turns: 3827, Time: 00:03:57

Health: 0/37       AC: 10    Str: 15      XL:     4   Next: 94%
Magic:  5/5        EV:  7    Int: 10 (13) God:    Nemelex Xobeh [*.....]
Gold:   115        SH:  0    Dex: 10      Spells: 0 memorised, 3 levels left

rFire  + . .     SeeInvis .     b - +0 trident
rCold  . . .     Clarity  .     d - +0 scale mail
rNeg   . . .     SustAt   .     (no shield)
rPois  .         Gourm    .     o - +1 hat {Int+3}
rElec  .         Spirit   .     (no cloak)
rCorr  .         Warding  .     g - +2 pair of gloves
rMut   .         Stasis   .     (no barding)
MR     .....                    (no amulet)
Stlth  ..........               (no ring)
                                i - ring of protection from fire

@: very quick, not resistant to hostile enchantments, extremely unstealthy
A: hooves 3, deformed body, speed 2, tough skin 3
a: Renounce Religion


You were on level 4 of the Dungeon.
You worshipped Nemelex Xobeh.
Nemelex Xobeh was aware of your devotion.
You were hungry.

You visited 1 branch of the dungeon, and saw 4 of its levels.

You collected 115 gold pieces.

Inventory:

Hand Weapons
 a - a +1 shortbow
 b - a +0 trident (weapon)
Missiles
 k - 49 arrows
Armour
 d - a +0 scale mail (worn)
 g - a +2 pair of gloves (worn)
 o - a +1 hat of intelligence (worn)
Jewellery
 i - a ring of protection from fire (left hand)
Scrolls
 f - 2 scrolls of amnesia
 h - 2 scrolls of identify
 j - a scroll of recharging
 r - a scroll of remove curse
Potions
 c - a potion of resistance
Comestibles
 e - 9 bread rations
 l - 2 fruits
 m - 2 beef jerkies
 p - 3 meat rations


   Skills:
 + Level 2.7 Fighting
 + Level 0.3 Polearms
 * Level 6.7 Bows
 + Level 1.1 Armour
 - Level 1.3 Dodging
 - Level 0.5 Stealth
 * Level 1.7 Evocations


You had 3 spell levels left.
You didn't know any spells.

Dungeon Overview and Level Annotations

Branches:
Dungeon (4/15)
 Temple: D:4-7

Altars:
Makhleb
Nemelex Xobeh
Vehumet
Xom

Annotations:
D:4 Grinder


Innate Abilities, Weirdness & Mutations

You have hooves in place of feet.
Armour fits poorly on your strangely shaped body.
You cover ground very quickly.
You have extremely tough skin (AC +3).


Message History

Grinder is heavily wounded.
Grinder gestures.
Grinder blinks!
ATTACK MOVE TO (1,0) Grinder gestures at you.
You suddenly lose the ability to move!
Grinder gestures.
Grinder blinks!
Grinder hits you!
You writhe in agony.
You writhe in agony.
You can move again.
ATTACK MOVE TO (0,-1)
You barely miss Grinder.
Grinder is heavily wounded.
Grinder hits you but does no damage.
ATTACK MOVE TO (0,-1)
You hit Grinder but do no damage. Your kick misses Grinder.
Grinder is heavily wounded.
Grinder hits you.
You die...
Your body disappears without a glow.

# #######..
#####........
#............
#....5.......
#....c.....#
#..........#
#.^..#######
#....#....#
#....'....#
#....#.......
#....#.......
#....##+####.
#....#


You could see Grinder.

Table legend:
 A = Turns spent in this place as a percentage of turns spent in the entire game.
 B = Non-inter-level travel turns spent in this place as a percentage of non-inter-level travel turns spent in the entire game.
 C = Inter-level travel turns spent in this place as a percentage of turns spent in this place.
 D = Turns resting spent in this place as a percentage of non-inter-level travel turns spent in this place.
 E = Turns spent auto-exploring this place as a percentage of non-inter-level travel turns spent in this place.
 F = Non-inter-level travel turns spent in this place divided by the number of levels of this place that you've seen.
                   A       B       C       D       E      F
               +-------+-------+-------+-------+-------+----------------------
         Total | 100.0 | 100.0 |   0.3 |   0.8 |   1.9 | 1605.8
       Dungeon | 100.0 | 100.0 |   0.3 |   0.8 |   1.9 | 1605.8
               +-------+-------+-------+-------+-------+----------------------

Table legend:
 A = Kills in this place as a percentage of kills in entire the game.
 B = Kills by you in this place as a percentage of kills by you in the entire game.
 C = Kills by friends in this place as a percentage of kills by friends in the entire game.
 D = Other kills in this place as a percentage of other kills in the entire game.
 E = Experience gained in this place as a percentage of experience gained in the entire game.
 F = Experience gained in this place divided by the number of levels of this place that you have seen.
                   A       B       C       D       E      F
               +-------+-------+-------+-------+-------+----------------------
         Total | 100.0 | 100.0 | 100.0 |  -nan | 100.0 |  47.8
       Dungeon | 100.0 | 100.0 | 100.0 |  -nan | 100.0 |  47.8
               +-------+-------+-------+-------+-------+----------------------

Vanquished Creatures
  A worker ant (D:3)
  3 adders
  2 oozes (D:2)
  A worm (D:3)
  2 orcs (D:3)
  7 bats
  2 giant cockroaches (D:1)
  13 goblins
  3 hobgoblins
  9 jackals (D:2)
  3 quokkas (D:2)
  A giant gecko (D:1)
  3 giant newts
  5 kobolds
  13 rats
68 creatures vanquished.

Vanquished Creatures (collateral kills)
  An ooze (D:3)
1 creature vanquished.

Grand Total: 69 creatures vanquished

Notes
Turn   | Place    | Note
--------------------------------------------------------------
     0 | D:1      | gw the Centaur Hunter began the quest for the Orb.
     0 | D:1      | Reached XP level 1. HP: 17/17 MP: 1/1
   234 | D:1      | Reached XP level 2. HP: 16/24 MP: 2/2
   623 | D:1      | Found a sparkling altar of Nemelex Xobeh.
   632 | D:1      | Became a worshipper of Nemelex Xobeh the Trickster
   870 | D:1      | Received a gift from Nemelex Xobeh
  1281 | D:2      | Reached XP level 3. HP: 30/30 MP: 3/3
  1427 | D:2      | Reached skill level 6 in Bows
  2261 | D:2      | Reached * piety under Nemelex Xobeh
  2290 | D:2      | Reached skill level 1 in Evocations
  2349 | D:2      | Reached XP level 4. HP: 32/37 MP: 4/4
  2643 | D:3      | Reached skill level 1 in Armour
  2685 | D:3      | Found a burning altar of Makhleb.
  2881 | D:3      | Found a shimmering altar of Xom.
  2904 | D:3      | Received a gift from Nemelex Xobeh
  3781 | D:4      | Found a radiant altar of Vehumet.
  3800 | D:4      | Noticed Grinder
  3821 | D:4      | Paralysed by Grinder for 4 turns
  3827 | D:4      | Slain by Grinder

Action                   |  1- 3 |  4- 6 || total
-------------------------+-------+-------++-------
Melee: Short sword       |    92 |       ||    92
       Trident           |     9 |    25 ||    34
 Fire: Shortbow          |    91 |    43 ||   134
Evoke: Deck              |     6 |    13 ||    19
  Use: Scroll            |     4 |     5 ||     9
       Potion            |     3 |     3 ||     6
  Eat: Chunk             |     3 |     3 ||     6

Vault maps used:
D:1:      matt_arrival_grand_opening, kennysheep_decorative_pillar,
          nemelex_xobeh_ov_fountains_minmay
D:3:      lemuel_doored_altar, xom_teletrap_fun, first_bread,
          hangedman_feature_mirror
D:4:      fiery_altar_vehumet, temple_statues, uniq_grinder
